AoeStats
← 喜多川海梦

Arena

508175276Analyzed
4v4 RM · 2mo ago on Sep 21, 2026· 48m 34s· 8 players
Game mode
Random Map
Map size
Large (8 player)
Population
200
Speed
Normal
Resources
Standard
Victory
Conquest
Starting age
Dark Age
Ending age
Imperial Age
RankedLock teamsTeams togetherTeam positionsShared explorationLock speedFull tech treeHidden civsTurbo modeCheats
Victory
Defeat
🇩🇪 Teutons · Germany
1271
+10
🇨🇦 Persians · Canada
1249
+10
🇦🇷 Bohemians · Argentina
1164
+14
🇩🇪 Khmer · Germany
1031
+19
vs
🇨🇳 Burgundians · China
1136
-14
🇨🇳 Khmer · China
1117
-13
🇨🇳 Turks · China
1103
-13
🇨🇳 Italians · China
1100
-13
dedw1ng
10:54 Feudal Age
15:53 Castle Age
14:12 Double-Bit Axe
15:38 Horse Collar
16:45 Heavy Plow
17:00 Bow Saw
18:28 Heavy Plow
19:10 Fervor
22:13 Wheelbarrow
23:31 Loom
23:40 Gold Mining
24:21 Hand Cart
28:58 Imperial Age
26:42 Bloodlines
27:39 Gold Shaft Mining
27:33 Scale Barding Armor
27:47 Husbandry
28:34 Chain Barding Armor
28:45 Cavalier
30:21 Forging
31:37 Plate Barding Armor
31:11 Stone Mining
32:53 Iron Casting
32:44 Savar
34:51 Blast Furnace
34:54 Conscription
35:47 Two-Man Saw
40:00 Pikeman
40:40 Squires
40:41 Scale Mail Armor
41:17 Halberdier
42:31 Chain Mail Armor
ihhn0t
10:20 Feudal Age
14:09 Castle Age
12:36 Double-Bit Axe
12:53 Horse Collar
15:22 Wheelbarrow
15:03 Bow Saw
22:31 Chemistry
21:30 Loom
22:48 Wagenburg Tactics
25:47 Padded Archer Armor
26:24 Heavy Plow
26:12 Town Watch
27:40 Leather Archer Armor
28:11 Hand Cart
34:24 Imperial Age
32:49 Forging
33:02 Town Patrol
33:56 Masonry
34:48 Houfnice
36:18 Siege Engineers
38:51 Ring Archer Armor
38:26 Squires
41:21 Iron Casting
40:46 Scale Mail Armor
41:32 Pikeman
43:46 Architecture
43:27 Fortified Wall
45:10 Halberdier
46:24 Arson
Matze91
10:57 Feudal Age
13:59 Castle Age
15:52 Double-Bit Axe
16:39 Horse Collar
22:57 Bow Saw
23:03 Heavy Plow
23:13 Padded Archer Armor
26:03 Bloodlines
25:56 Husbandry
26:31 Ballistics
26:13 Light Cavalry
27:00 Scale Barding Armor
27:08 Tusk Swords
29:25 Leather Archer Armor
30:29 Chain Barding Armor
30:21 Forging
36:19 Imperial Age
33:36 Loom
34:28 Wheelbarrow
33:39 Town Watch
34:23 Fletching
38:09 Chemistry
38:07 Iron Casting
39:37 Conscription
40:08 Ring Archer Armor
39:34 Bodkin Arrow
40:17 Plate Barding Armor
41:24 Elite Skirmisher
42:01 Pikeman
43:16 Town Patrol
42:45 Halberdier
44:41 Scale Mail Armor
44:42 Bracer
45:40 Chain Mail Armor
46:26 Blast Furnace
46:38 Crop Rotation
Nicomy
5:42 Loom
6:01 Loom
8:36 Feudal Age
22:46 Castle Age
24:02 Horse Collar
24:10 Double-Bit Axe
24:22 Fletching
30:13 Heavy Plow
30:34 Gold Mining
32:24 Scale Barding Armor
32:45 Bloodlines
33:23 Wheelbarrow
32:35 Town Watch
37:05 Imperial Age
35:29 Forging
36:17 Chain Barding Armor
37:11 Iron Casting
38:44 Plate Barding Armor
38:10 Cavalier
39:27 Crop Rotation
39:09 Bow Saw
40:16 Blast Furnace
40:25 Chemistry
40:33 Ballistics
41:32 Conscription
45:22 Bodkin Arrow
45:28 Padded Archer Armor
46:00 Elite Skirmisher
46:59 Leather Archer Armor
49:00 Ring Archer Armor
49:16 Hand Cart
家恒
10:58 Feudal Age
11:58 Double-Bit Axe
11:55 Horse Collar
16:01 Castle Age
17:44 Bow Saw
20:27 Wheelbarrow
22:54 Heavy Plow
30:56 Imperial Age
28:53 Gold Mining
28:55 Stone Mining
30:05 Bloodlines
29:57 Husbandry
30:47 Gold Shaft Mining
31:11 Scale Barding Armor
31:17 Forging
32:13 Conscription
31:57 Tusk Swords
33:22 Iron Casting
33:08 Chain Barding Armor
33:06 Hand Cart
32:35 Elite Battle Elephant
34:17 Town Watch
34:17 Loom
35:06 Crop Rotation
35:55 Blast Furnace
34:58 Scale Mail Armor
36:02 Plate Barding Armor
35:20 Fletching
35:31 Padded Archer Armor
37:31 Chain Mail Armor
38:13 Pikeman
38:39 Arson
39:11 Halberdier
41:46 Leather Archer Armor
41:26 Bodkin Arrow
41:44 Double Crossbow
41:07 Elite Ballista Elephant
42:16 Fortified Wall
43:08 Chemistry
42:28 Ballistics
42:14 Siege Engineers
BIGSHARK
2:31 Loom
10:31 Feudal Age
9:08 Double-Bit Axe
9:07 Horse Collar
14:56 Castle Age
13:53 Scale Barding Armor
16:56 Cavalier
21:36 Wheelbarrow
22:28 Forging
24:55 Chain Barding Armor
25:11 Iron Casting
35:08 Imperial Age
32:57 Hand Cart
33:13 Bow Saw
33:07 Heavy Plow
33:02 Pikeman
33:37 Gold Mining
34:46 Scale Mail Armor
35:36 Squires
36:25 Gold Shaft Mining
35:18 Halberdier
36:49 Plate Barding Armor
37:15 Blast Furnace
36:05 Paladin
39:00 Chain Mail Armor
39:45 Loom
Tsukitech
10:32 Feudal Age
17:57 Castle Age
16:04 Horse Collar
17:56 Double-Bit Axe
24:44 Imperial Age
23:06 Gold Mining
33:44 Fletching
喜多川海梦
12:13 Feudal Age
17:24 Castle Age
25:03 Loom
27:39 Town Watch
29:09 Horse Collar
34:05 Imperial Age
32:38 Double-Bit Axe
32:48 Fletching
32:51 Gold Mining
33:18 Thumb Ring
34:18 Bodkin Arrow
35:11 Conscription
34:53 Elite Genoese Crossbowman
37:04 Chemistry
36:31 Padded Archer Armor
36:40 Heavy Plow
37:40 Leather Archer Armor
39:16 Ring Archer Armor
39:37 Bow Saw
39:59 Crop Rotation
43:10 Stone Mining
44:21 Bracer
Connection lost

Rejoining the realm…

Still unreachable

The connection could not be restored.

Session expired

The server has moved on; the page needs a fresh start.